 Dungeon Crawl Stone Soup version 0.23.1 (webtiles) character file.

Game seed: 16373913188295968866

462 Borgoz the Skirmisher (level 7, -3/59 HPs)
             Began as a Ghoul Monk on Mar 17, 2019.
             Slain by an orc warrior
             ... wielding a +0 battleaxe
              (18 damage)
             ... on level 4 of the Dungeon.
             The game lasted 00:08:05 (2858 turns).

Borgoz the Skirmisher (Ghoul Monk)                  Turns: 2858, Time: 00:08:06

Health: -3/59      AC:  7    Str: 15    XL:     7   Next: 7%
Magic:  6/6        EV: 11    Int:  6    God:
Gold:   238        SH:  0    Dex: 12    Spells: 6/6 levels left

rFire    . . .     SeeInvis .   a - +0 short sword
rCold    + + .     Gourm    .   (no shield)
rNeg     + + +     Faith    .   o - +1 scale mail {rPois}
rPois    ∞         Spirit   .   (no helmet)
rElec    .         Reflect  .   (no cloak)
rCorr    .         Harm     .   (no gloves)
MR       .....                  (no boots)
Stlth    +.........             (no amulet)
HPRegen  0.00/turn              k - ring of protection from cold
MPRegen  0.10/turn              (no ring)

@: about to teleport, rotting
A: rotting body, claws 1, carnivore, cold resistance 1, negative energy
resistance 3, inhibited regeneration, torment resistance, unbreathing
a: no special abilities


You were on level 4 of the Dungeon.
You were not hungry.

You visited 1 branch of the dungeon, and saw 4 of its levels.

You collected 238 gold pieces.

Inventory:

Hand Weapons
 a - a +0 short sword (weapon)
Missiles
 m - 2 exploding tomahawks (quivered)
Armour
 o - a +1 scale mail of poison resistance (worn)
Jewellery
 k - a ring of protection from cold (left claw)
Scrolls
 e - a scroll of teleportation
 g - 2 scrolls of identify
 h - 2 scrolls of remove curse
 i - 2 scrolls of blinking
Potions
 j - a potion of curing
Comestibles
 c - 8 rations
 d - 6 chunks of flesh


   Skills:
 + Level 4.2 Fighting
 * Level 4.2 Short Blades
 * Level 2.9 Armour
 * Level 4.2 Dodging
 + Level 3.7 Stealth


You had 6 spell levels left.
You didn't know any spells.
Your spell library was empty.

Dungeon Overview and Level Annotations

Branches:
Dungeon (4/15)
 Temple: D:4-7

Altars:
Gozag


Innate Abilities, Weirdness & Mutations

Your body is rotting away.
You thrive on raw meat.
You are immune to poison.
You have sharp fingernails.
You are carnivorous and can eat meat at any time.
Your flesh is cold resistant. (rC+)
You are immune to negative energy. (rN+++)
You do not regenerate when monsters are visible.
You are immune to unholy pain and torment.
You can survive without breathing.


Message History

The orc warrior hits you with a +0 battleaxe!
You hit the orc warrior but do no damage.
The orc warrior is lightly wounded.
You closely miss the orc warrior.
The orc warrior is lightly wounded.
The orc warrior hits you with a +0 battleaxe!
Some of the chunks of flesh in your inventory have rotted away.
Eat one of 7 chunks of flesh? (ye/n/q)
You eat one of the 7 chunks of flesh.
This raw flesh tastes great!
The orc wizard shouts!
The orc wizard casts a spell at you. The puff of flame hits you.
The orc warrior hits you with a +0 battleaxe!
* * * LOW HITPOINT WARNING * * *
As you read the scroll of teleportation, it crumbles to dust.
You feel strangely unstable.
The orc wizard points at you and mumbles some strange words.
The puff of flame misses you.
The orc warrior hits you with a +0 battleaxe!!
You die...

##......#.....#...#.....
#..#..#
#............##...######
....##..
...........#......##
.........
...................##
##... .....
................#...#.
...# ..... .............
.#.... ... #.....
........... ##.###
#.##...... .....##.....
####o...###..#.....#
....##
#.....#..@................
.....#
..........#.##o....##....
......
...#.(...####.#..###..#.
...... .
##....[##..##.##...#. #..
.......#....>.#........ ..
.................##....
#..............#...##....
.....##..(##.#.#..####...
#.#.# ##..####....# #...


You could see an orc warrior and an orc wizard.

Vanquished Creatures
  An ogre (D:4)
  A howler monkey (D:4)
  An orc priest (D:4)
  2 orc wizards
  A bullfrog skeleton (D:3)
  An iguana (D:4)
  3 worker ants
  5 adders
  2 oozes (D:3)
  3 dart slugs (D:1)
  A leopard gecko (D:1)
  9 orcs
  7 bats
  2 giant cockroaches
  9 goblins
  5 hobgoblins
  5 kobolds
  A quokka (D:2)
  2 ball pythons
  5 frilled lizards
  9 rats
75 creatures vanquished.

Notes
Turn   | Place    | Note
-------+----------+-------------------------------------------
     0 | D:1      | Borgoz the Ghoul Monk began the quest for the Orb.
     0 | D:1      | Reached XP level 1. HP: 19/19 MP: 0/0
    80 | D:1      | Reached XP level 2. HP: 17/26 MP: 1/1
   429 | D:1      | Reached XP level 3. HP: 24/31 MP: 2/2
   891 | D:2      | Reached skill level 1 in Armour
   973 | D:2      | Reached XP level 4. HP: 22/38 MP: 3/3
  1712 | D:3      | Reached XP level 5. HP: 37/46 MP: 4/4
  1951 | D:3      | Found a faded altar of an unknown god.
  2168 | D:3      | Found an opulent altar of Gozag.
  2448 | D:4      | Reached XP level 6. HP: 26/52 MP: 5/5
  2714 | D:4      | Noticed an orc warrior
  2733 | D:3      | Reached XP level 7. HP: 15/59 MP: 6/6
  2858 | D:4      | Slain by an orc warrior

Skill      XL: |  1  2  3  4  5  6 |
---------------+-------------------+-----
Short Blades   | 3 4 |  4.2
Dodging        | 3 4 |  4.2
Armour         | 1 2 |  2.9
Stealth        | 3 |  3.7
Fighting       | 4 |  4.2

Action                   |  1- 3 |  4- 6 |  7- 9 || total
-------------------------+-------+-------+-------++-------
Melee: Short sword       |   111 |   279 |    26 ||   416
  Use: Scroll            |     4 |     6 |     1 ||    11
       Potion            |       |     3 |       ||     3
 Stab: Sleeping          |     1 |       |       ||     1
       Invisible         |       |     3 |       ||     3
  Eat: Chunk             |     8 |    25 |     8 ||    41
Armor: Robe              |     3 |       |       ||     3
       Plate armour      |    45 |    59 |       ||   104
       Chain mail        |    13 |       |       ||    13
       Scale mail        |       |    68 |     7 ||    75
Dodge: Dodged            |    32 |    95 |    17 ||   144
